 Dungeon Crawl Stone Soup version 0.29-a0-557-g43b9904bd1 (webtiles) character file.

Game seed: 17347988597643942110

14891 zishaf the Thaumaturge (level 12, -2/89 HPs)
             Began as a Djinni Venom Mage on June 8, 2022.
             Was a High Priest of Makhleb.
             Slain by a cane toad (20 damage)
             ... on level 1 of the Lair of Beasts.
             The game lasted 00:25:41 (13585 turns).

zishaf the Thaumaturge (Djinni Venom Mage)         Turns: 13585, Time: 00:25:43

Health: -2/89      AC:  8    Str:  7    XL:     12   Next: 50%
Gold:   893        EV: 11    Int: 22    God:    Makhleb [*****.] SH:  0 Dex: 14

rFire   + + .      SeeInvis +   c - +3 demon trident (spect)
rCold   . . .      Faith    .   (no shield)
rNeg    + . .      Spirit   .   F - +2 leather armour {rC+}
rPois   ∞          Reflect  .   l - +1 helmet
rElec   .          Harm     .   (no cloak)
rCorr   .          Rampage  .   r - +0 pair of gloves
Will    +....                   (boots unavailable)
Stlth   ++........              q - amulet of regeneration
HPRegen 1.04/turn               d - ring of positive energy
MPRegen 0.00/turn               D - ring of see invisible

@: marked, flying
A: sickness immunity, fire resistance 2, cold vulnerability 1, float, innate
caster, HP casting, extra vitality 1
a: Renounce Religion, Minor Destruction, Lesser Servant of Makhleb, Major
Destruction, Greater Servant of Makhleb


You were on level 1 of the Lair of Beasts.
You worshipped Makhleb.
Makhleb was extremely pleased with you.
You visited 3 branches of the dungeon, and saw 13 of its levels.
You also visited: Sewer.

You collected 893 gold pieces.

Inventory:

Hand Weapons
 b - a +0 dagger
 c - a +3 spectral demon trident (weapon)
 w - a +1 falchion of holy wrath
Missiles
 y - a throwing net
Armour
 a - a +0 robe
 l - a +1 helmet (worn)
 r - a +0 pair of gloves (worn)
 B - a +2 robe of resistance
 F - a +2 leather armour of cold resistance (worn)
Jewellery
 d - a ring of positive energy (left hand)
 q - an amulet of regeneration (around neck)
 t - the ring "Xozus" {rN+ Str-4 Dex+4 SInv}
   (You found it on level 8 of the Dungeon)

   [ring of positive energy]

   Str:       It affects your strength (-4).
   Dex:       It affects your dexterity (+4).
   rN:        It protects you from negative energy.
   SInv:      It lets you see invisible.
 x - an amulet of the acrobat
 D - a ring of see invisible (right hand)
 E - the ring of Satisfaction {rPois rN++ Int-3}
   (You found it on level 11 of the Dungeon)

   [ring of poison resistance]

   Int:       It affects your intelligence (-3).
   rPois:     It protects you from poison.
   rN:        It greatly protects you from negative energy.
 H - a ring of wizardry
Wands
 o - a wand of mindburst (11)
 s - a wand of iceblast (7)
 J - a wand of charming (7)
Scrolls
 n - a scroll of brand weapon
 p - a scroll of enchant armour
 A - 3 scrolls of poison
 G - a scroll of magic mapping
 I - a scroll of fog
Potions
 e - a potion of cancellation
 f - 2 potions of lignification
 g - a potion of berserk rage {unknown}
 h - 3 potions of mutation
 i - 5 potions of curing
 j - a potion of attraction
 k - a potion of brilliance {unknown}
 m - 2 potions of ambrosia
 u - 3 potions of haste
 v - 7 potions of heal wounds
 z - a potion of might {unknown}
 C - a potion of magic {unknown}


   Skills:
 + Level 9.0 Fighting
 + Level 7.0 Polearms
 - Level 2.1 Dodging
 - Level 1.5 Stealth
 + Level 10.0 Spellcasting
 + Level 7.1 Invocations
 - Level 5.0 Evocations


You had 8 spell levels left.
You knew the following spells:

 Your Spells              Type           Power      Damage    Failure   Level
a - Sting                 Tmut/Pois      100%       1d8       1%          1
b - Poisonous Vapours     Pois/Air       100%       N/A       1%          2
c - Foxfire               Conj/Fire      100%       2x1d9     1%          1
e - Flame Wave            Conj/Fire      53%        2d11      1%          4
f - Tukima's Dance        Hex            53%        N/A       1%          3
g - Spider Form           Tmut/Pois      53%        N/A       1%          3
z - Mephitic Cloud        Conj/Pois/Air  53%        N/A       1%          3
A - Wereblood             Tmut           53%        N/A       1%          2
B - Olgreb's Toxic Radia  Pois           53%        N/A       1%          4
Your spell library was empty.

Dungeon Overview and Level Annotations

Branches:
Dungeon (11/15)            Temple (1/1) D:5            Lair (1/6) D:8
    Orc (0/2) D:10          Sewer (visited)

Altars:
Ashenzari
Cheibriados
Dithmenos
Elyvilon
Fedhas
Gozag
Hepliaklqana
Kikubaaqudgha
Makhleb
Nemelex Xobeh
Qazlal
Ru
Sif Muna
Trog
Uskayaw
Vehumet
Wu Jian
Xom
Yredelemnul
Zin
The Shining One
Beogh

Shops:
D:1 *   D:7 [


Innate Abilities, Weirdness & Mutations

You are immune to sickness and miasma.
You are immune to poison.
Your flesh is very heat resistant. (rF++)
You are vulnerable to cold. (rC-)
You float through the air rather than walking.
You learn spells naturally, not from books.
Your magical power is your life essence.
You have superior vitality. (+4 MHP)


Message History

The flame wave engulfs the yak!
The yak is moderately wounded.
The flame wave engulfs the cane toad!
The cane toad is moderately wounded.
The flame wave engulfs the yak!
The yak is moderately wounded.
The cane toad stings you!
A black mamba comes into view.
The yak barely misses you. x2
A wave of flame ripples out!
The flame wave engulfs the yak!
The yak is almost dead.
The flame wave engulfs the yak!
The yak is heavily wounded.
The flame wave engulfs the yak!
The yak is severely wounded.
The flame wave engulfs the cane toad!
The cane toad is heavily wounded.
The flame wave engulfs the yak!
The yak is heavily wounded.
The flame wave engulfs the plant!
The plant begins to die.
The plant is lightly damaged.
You finish channelling waves of flame.
The yak looks more healthy.
The cane toad stings you.
A komodo dragon comes into view.
The yak barely misses you. The yak gores you. The yak barely misses you.
The cane toad stings you!!
Okay, then.
You barely miss the yak.
The yak is almost dead.
Your +3 spectral demon trident hits the yak from afar!
You kill the yak!
Makhleb accepts your kill.
You feel better.
A yak comes into view.
The yak gores you!
* * * LOW HITPOINT WARNING * * *
The yak gores you.
* * * LOW HITPOINT WARNING * * *
The cane toad stings you!!
You die...

##.# ##..# ####.l#
#P....# ##.....#
###..l...#
##........##
##..(F......#
#..Y@..P.#.P#
#....†YY.###.##
#........####..#
........## #..##
...S....# ##.####
...##..## #..##.###
Y## .## ###.......##
## ###..........####
####........#......#


You could see 2 komodo dragons, a black mamba, 4 yaks, a cane toad and a
friendly +3 spectral demon trident (summoned, wandering).

Vanquished Creatures
  3 two-headed ogres
  The ghost of tabacat the Thaumaturge, a novice DrCj of Vehumet (D:11)
  A cyclops (D:11)
  An ugly thing (D:11)
  A manticore (D:11)
  A gargoyle (D:10)
  A cane toad (Lair:1)
  An unseen horror (D:10)
  3 komodo dragons
  The ghost of Hubjo the Changer, an amateur DsTm of Cheibriados (D:5)
  A hornet (D:8)
  4 dream sheep (Lair:1)
  4 slime creatures (D:10)
  A shadow (D:7)
  2 wraiths
  2 yaks (Lair:1)
  2 basilisks
  4 wyverns
  3 steam dragons
  4 vampire mosquitoes (D:11)
  2 acid dragons
  A water moccasin (D:7)
  2 sky beasts (D:7)
  8 orc warriors
  A black bear (D:6)
  4 ogres
  2 centaurs
  2 phantoms (D:5)
  Blork the orc (D:4)
  5 kobold brigands
  5 bullfrogs
  3 scorpions
  8 wights
  15 killer bees
  2 howler monkeys
  2 hounds
  2 gnoll shamans
  10 orc priests
  Natasha (twice) (D:2)
  7 iguanas
  12 orc wizards
  Robin (D:2)
  8 gnolls
  11 adders
  A river rat (Sewer)
  4 white imps
  4 worms
  2 dart slugs (D:2)
  71 orcs
  7 ball pythons
  9 endoplasms
  4 giant cockroaches
  14 goblins
  11 hobgoblins
  5 jackals
  25 kobolds
  9 quokkas
  7 bats
  10 frilled lizards
  14 rats
354 creatures vanquished.

Vanquished Creatures (collateral kills)
  2 wights (D:4)
2 creatures vanquished.

Vanquished Creatures (others)
  4 dancing weapons
  An orc (D:7)
  9 foxfires
14 creatures vanquished.

Grand Total: 370 creatures vanquished

Notes
Turn   | Place    | Note
-------+----------+-------------------------------------------
     0 | D:1      | zishaf the Djinni Venom Mage began the quest for the Orb.
     0 | D:1      | Reached XP level 1. HP: 15/15 MP: 0/0
   189 | D:1      | Reached XP level 2. HP: 15/22 MP: 0/0
   314 | D:1      | Found Peiwn's General Store.
   670 | D:1      | Reached skill level 1 in Fighting
   943 | D:1      | Reached XP level 3. HP: 26/27 MP: 0/0
   943 | D:1      | Learned a level 1 spell: Foxfire
   961 | D:1      | Reached skill level 3 in Spellcasting
  1121 | D:2      | Noticed Natasha
  1132 | D:2      | Killed Natasha
  1133 | D:2      | Reached XP level 4. HP: 7/32 MP: 0/0
  1696 | D:2      | Found a faded altar of an unknown god.
  2357 | D:2      | Noticed Natasha
  2371 | D:2      | Killed Natasha
  2372 | D:2      | Reached XP level 5. HP: 3/38 MP: 0/0
  2372 | D:2      | Learned a level 2 spell: Wereblood
  2684 | D:2      | Noticed Robin
  2953 | D:2      | Killed Robin
  3885 | D:3      | Reached skill level 4 in Spellcasting
  4173 | D:3      | Found a sparkling altar of Nemelex Xobeh.
  4434 | D:3      | Reached XP level 6. HP: 27/45 MP: 0/0
  4712 | D:4      | Reached skill level 1 in Evocations
  4736 | D:4      | Identified a scroll of acquirement
  4736 | D:4      | Acquired a +3 demon trident of freezing
  4812 | D:4      | Found a glowing drain.
  4993 | Sewer    | Entered a sewer
  5562 | D:4      | Noticed Blork the orc
  5571 | D:4      | Killed Blork the orc
  5572 | D:4      | Reached XP level 7. HP: 39/50 MP: 0/0
  5572 | D:4      | Learned a level 3 spell: Tukima's Dance
  5977 | D:4      | Reached skill level 1 in Polearms
  6520 | D:4      | Reached skill level 5 in Spellcasting
  7236 | D:4      | Reached XP level 8. HP: 49/58 MP: 0/0
  8083 | D:5      | Entered Level 5 of the Dungeon
  8142 | D:5      | Found a runed translucent gate.
  8142 | D:5      | Found a runed translucent gate.
  8143 | D:5      | Found a runed translucent gate.
  8143 | D:5      | Noticed Hubjo's ghost (amateur DsTm)
  8280 | D:5      | Found a sacrificial altar of Ru.
  8302 | D:5      | Noticed a two-headed ogre
  8328 | D:5      | Killed a two-headed ogre
  8329 | D:5      | Reached skill level 5 in Fighting
  8329 | D:5      | Reached skill level 6 in Spellcasting
  8329 | D:5      | Reached XP level 9. HP: 47/65 MP: 0/0
  8329 | D:5      | Learned a level 3 spell: Spider Form
  8513 | D:5      | Found a staircase to the Ecumenical Temple.
  8532 | Temple   | Entered the Ecumenical Temple
  8555 | Temple   | Became a worshipper of Makhleb the Destroyer
  9030 | D:6      | Reached skill level 1 in Invocations
  9487 | D:7      | Reached * piety under Makhleb
  9502 | D:7      | Found a broken altar of Ashenzari.
  9577 | D:7      | Found Ucrutaff's Armour Emporium.
  9582 | D:7      | Reached skill level 7 in Spellcasting
  9582 | D:7      | Reached skill level 5 in Evocations
  9597 | D:7      | Found a glowing golden altar of the Shining One.
  9646 | D:7      | Reached XP level 10. HP: 60/72 MP: 0/0
  9850 | D:7      | Found a hazy altar of Hepliaklqana.
 10121 | D:8      | Found a snail-covered altar of Cheibriados.
 10147 | D:8      | Reached ** piety under Makhleb
 10231 | D:8      | Noticed a komodo dragon
 10246 | D:8      | Killed a komodo dragon
 10277 | D:8      | Reached skill level 5 in Polearms
 10277 | D:8      | Reached skill level 8 in Spellcasting
 10294 | D:8      | Noticed a komodo dragon
 10359 | D:8      | Killed a komodo dragon
 10511 | D:8      | Found an ornate altar of the Wu Jian Council.
 10564 | D:8      | Identified the ring "Xozus" {rN+ Str-4 Dex+4 SInv}
 10629 | D:8      | Reached XP level 11. HP: 79/79 MP: 0/0
 10629 | D:8      | Learned a level 4 spell: Flame Wave
 10673 | D:8      | Found a staircase to the Lair.
 11038 | D:9      | Reached skill level 5 in Invocations
 11208 | D:9      | Reached *** piety under Makhleb
 11492 | D:10     | Entered Level 10 of the Dungeon
 11673 | D:10     | Reached skill level 9 in Spellcasting
 11783 | D:10     | Noticed a two-headed ogre
 11790 | D:10     | Killed a two-headed ogre
 11809 | D:10     | Found a shimmering altar of Xom.
 11816 | D:10     | Found a hide-covered altar of Uskayaw.
 11905 | D:10     | Found a staircase to the Orcish Mines.
 11907 | D:10     | Reached **** piety under Makhleb
 12102 | D:10     | Noticed an angel
 12103 | D:10     | Found a glowing silver altar of Zin.
 12373 | D:11     | Noticed a cyclops
 12373 | D:11     | Noticed a manticore
 12379 | D:11     | Killed a cyclops
 12384 | D:11     | Killed a manticore
 12434 | D:11     | Reached XP level 12. HP: 67/87 MP: 0/0
 12536 | D:11     | Identified the ring of Satisfaction {rPois rN++ Int-3}
 12552 | D:11     | Noticed a two-headed ogre
 12557 | D:11     | Killed a two-headed ogre
 12886 | D:11     | Found a runed translucent door.
 12891 | D:11     | Noticed tabacat's ghost (novice DrCj)
 12901 | D:11     | Killed tabacat's ghost
 13181 | D:5      | Killed Hubjo's ghost
 13181 | D:5      | Reached ***** piety under Makhleb
 13305 | Lair:1   | Entered Level 1 of the Lair of Beasts
 13486 | Lair:1   | Reached skill level 10 in Spellcasting
 13585 | Lair:1   | Slain by a cane toad

Illustrated notes

Levels and vault maps discovered:
D:1:      dpeg_arrival_tiny_e, layout_loops_ring, serial_shops, shop
D:2:      layout_basic, shapermc_ecumenical_altar_mp_urbaneastern,
          patterned_corridor, uniq_natasha, uniq_robin
D:3:      minmay_razor_zed, layout_loops_ring, amcnicky_altar_gilded,
          feat_on_display
D:4:      layout_loops_corners, gup_sewer_entry_bubbles,
          kennysheep_generic_room_3, uniq_blork_the_orc
D:5:      layout_rooms, lemuel_doored_altar, minmay_temple_entry_mist,
          gammafunk_ghost_nasty_kobolds
D:6:      layout_basic
D:7:      layout_basic, mainiacjoe_overflow_six_doors_small,
          mainiacjoe_overflow_paths, worldfamousw_hep_ancestral_shrine,
          serial_shops, nicolae_shop_behind_doors
D:8:      layout_basic, nzn_wu_jian_contemplation, mainiacjoe_overflow_brackets,
          erik_lair_dragon
D:9:      layout_basic
D:10:     layout_roguey [special_room_orc], nicolae_uskayaw_dance_hall,
          brannock_xom_greatest_gift, zin_angel, david_orc_5
D:11:     layout_roguey, ebering_ghost_reflecting_pool
Temple:   minmay_temple_bridge_abc
Lair:1:   layout_cave_pods, chequers_serial_rivers_room_a

Skill      XL: |  1  2  3  4  5  6  7  8  9 10 11 12 |
---------------+-------------------------------------+-----
Fighting       | 1 2 3 5 7 8 9 |  9.0
Spellcasting   | 3 4 5 6 7 8 9 10 | 10.0
Evocations     | 1 2 4 5 |  5.0
Polearms       | 1 3 4 5 6 7 |  7.0
Invocations    | 2 4 6 7 |  7.1
Dodging        | |  2.1
Stealth        | |  1.5

Action                   |  1- 3 |  4- 6 |  7- 9 | 10-12 || total
-------------------------+-------+-------+-------+-------++-------
Melee: Dagger            |     3 |    26 |       |       ||    29
       Demon trident     |       |    51 |   144 |   316 ||   511
       Punch             |       |       |     2 |     7 ||     9
       Unarmed           |       |       |    13 |       ||    13
 Cast: Sting             |    36 |   112 |     1 |       ||   149
       Foxfire           |     3 |       |     3 |       ||     6
       Poisonous Vapours |       |    14 |     6 |     3 ||    23
       Mephitic Cloud    |       |     5 |     8 |    24 ||    37
       Tukima's Dance    |       |       |     9 |     6 ||    15
       Wereblood         |       |       |     2 |     7 ||     9
       Spider Form       |       |       |     1 |       ||     1
       Flame Wave        |       |       |       |     2 ||     2
       Olgreb's Toxic Ra |       |       |       |     2 ||     2
Evoke: Wand              |       |       |     1 |       ||     1
  Use: Scroll            |       |     9 |    10 |     6 ||    25
       Potion            |       |       |       |     1 ||     1
 Stab: Sleeping          |       |     7 |     4 |     2 ||    13
       Confused          |       |     3 |     1 |    13 ||    17
       Distracted        |       |       |     1 |     2 ||     3
Armor: Robe              |     4 |    23 |    37 |    42 ||   106
       Skin              |       |       |     1 |       ||     1
       Leather armour    |       |       |       |    16 ||    16
Dodge: Dodged            |    11 |    73 |    70 |   115 ||   269

Table legend: (Time is in decaauts)
 A = Elapsed time spent in this place.
 B = Non-inter-level travel time spent in this place.
 C = Inter-level travel time spent in this place.
 D = Time resting spent in this place.
 E = Time spent auto-exploring this place.
 F = Levels seen in this place.
 G = Mean time per level.
                   A        B        C        D        E       F      G
               +--------+--------+--------+--------+--------+-----+--------+
         Total |  13630 |  13042 |    588 |   1030 |   9567 |  14 |  973.6 |
       Dungeon |  12936 |  12367 |    569 |   1030 |   9076 |  11 | 1176.0 |
        Temple |     42 |     24 |     18 |      0 |     10 |   1 |   42.0 |
          Lair |    279 |    279 |      0 |      0 |    239 |   1 |  279.0 |
         Sewer |    372 |    372 |      0 |      0 |    242 |   1 |  372.0 |
               +--------+--------+--------+--------+--------+-----+--------+

Top non-repeatable levels by time:
     D:4: 2836 daAuts
     D:2: 2175 daAuts
     D:3: 1647 daAuts
     D:1: 1074 daAuts
     D:8: 918 daAuts
    D:10: 824 daAuts
     D:5: 772 daAuts
    D:11: 763 daAuts
     D:9: 735 daAuts
     D:6: 692 daAuts
     D:7: 496 daAuts
   Sewer: 372 daAuts
  Lair:1: 279 daAuts
  Temple: 42 daAuts
